Map: Dreamcatcher LE

Players

RexRequired - Winner!

  • Race: Terran Terran
  • League: Master
  • Spawn Location: 5:00

Ettom

  • Race: Protoss Protoss
  • League: Master
  • Spawn Location: 11:00

VOD

Have the link to the VOD?

Description

Time

  • Played on: Oct. 8, 2018, 4:23 p.m.
  • Length: 10:30
Show
View Real Time Build Order
Export as new Build Order

RexRequired Terran - Winner!

Build Orders: Gas First Reaper Expand, Liberator Opening, Reaper Expand 

Get SALT Encoding   

  12  0:01  SCV  
  13  0:13  SCV  
  14  0:17  Supply Depot  
  14  0:25  SCV  
  15  0:30  Refinery  
  15  0:38  SCV  
  16  0:45  Barracks  
  16  0:50  SCV  
  17  1:03  SCV  
  18  1:15  SCV  
  19  1:33  Reaper, Orbital Command  
  20  1:46  Command Center  
  20  1:56  Factory  
  20  1:59  SCV  
  21  2:06  Refinery  
  21  2:11  SCV, Barracks Reactor  
  22  2:17  Supply Depot  
  22  2:23  SCV  
  23  2:39  SCV  
  23  2:42  Starport  
  24  2:53  Hellion x2  
  24  2:54  SCV  
  24  2:58  Barracks Tech Lab  
  29  3:05  Orbital Command  
  29  3:08  SCV  
  30  3:14  Widow Mine x2  
  34  3:24  Medivac, SCV  
  37  3:30  SCV  
  38  3:35  Widow Mine x2, Supply Depot  
  38  3:41  SCV  
  43  3:42  SCV  
  43  3:47  Liberator, Supply Depot  
  44  3:53  SCV  
  44  3:54  SCV  
  46  3:58  Bunker  
  46  4:05  SCV  
  46  4:06  SCV  
  51  4:11  Marine x2  
  51  4:12  Supply Depot  
  51  4:13  Siege Tank  
  56  4:17  SCV  
  56  4:23  Engineering Bay  
  57  4:26  SCV  
  57  4:29  SCV, Marine x2  
  61  4:38  SCV  
  62  4:45  Siege Tank, SCV  
  66  4:47  Marine x2  
  66  4:50  SCV  
  69  4:58  SCV  
  70  5:03  Supply Depot  
  70  5:05  Supply Depot  
  70  5:09  Starport Reactor  
  70  5:11  Refinery  
  70  5:12  Refinery  
  70  5:15  SCV x2, Marine x2  
  70  5:17  Siege Tank  
  70  5:20  Barracks  
  77  5:21  Barracks  
  77  5:27  SCV x2  
  79  5:32  Marine x2  
  79  5:39  SCV x2  
  75  5:46  Command Center  
  72  5:50  Marine x2  
  72  5:51  SCV  
  76  6:01  Viking  
  76  6:02  Factory Reactor  
  76  6:03  Viking  
  81  6:10  Supply Depot  
  81  6:11  Marine, Supply Depot  
  79  6:12  Marine  
  79  6:14  Barracks Tech Lab  
  81  6:31  SCV x2  
  83  6:33  Stimpack  
  83  6:34  Combat Shield, Terran Infantry Weapons Level 1  
  83  6:35  Marauder x2, Marine x2  
  90  6:47  SCV x2  
  90  6:48  Barracks  
  90  6:49  Barracks  
  91  6:56  Factory Tech Lab, Marine x2  
  91  6:57  Marauder x2  
  91  6:59  SCV x2  
  99  7:04  Supply Depot  
  99  7:05  Medivac x2  
  103  7:09  Supply Depot  
  103  7:11  SCV x2  
  103  7:12  Supply Depot  
  103  7:17  Marine x2  
  103  7:18  Marauder x2  
  106  7:25  SCV x2  
  106  7:28  Factory Tech Lab  
  108  7:35  Marine  
  107  7:38  SCV  
  107  7:39  SCV, Marauder x2  
  107  7:41  Refinery  
  113  7:45  Orbital Command  
  113  7:47  Refinery  
  105  7:52  SCV  
  105  7:53  SCV, Marine x2  
  109  7:59  Medivac x2  
  109  8:01  Marauder x2  
  109  8:02  Concussive Shells  
  109  8:04  Marine x2  
  109  8:05  Marauder  
  121  8:07  SCV  
  121  8:09  SCV  
  123  8:21  Marine x2  
  123  8:22  SCV x2, Marauder x2  
  131  8:28  Terran Infantry Armor Level 1  
  131  8:31  Medivac x2  
  135  8:35  Marauder, Marine x2  
  135  8:39  Marine x2  
  141  8:43  Marine  
  141  8:44  Marauder  
  141  8:45  SCV x2, Sensor Tower  
  141  8:46  Supply Depot  
  146  8:48  Supply Depot  
  146  8:50  Engineering Bay  
  146  8:53  Armory, Marine  
  147  8:57  Marauder  
  149  9:08  Marauder, SCV x2, Marine  
  154  9:16  Marine  
  154  9:17  Marine x2, Marauder  
  139  9:18  Siege Tank, Marauder  
  145  9:25  Marine  
  145  9:27  Medivac x2  
  145  9:30  Marauder  
  150  9:34  Marine  
  150  9:35  Marine  
  152  9:43  Marauder x2, Marine  
  154  9:50  Siege Tank  
  148  9:58  Marine  
  148  9:59  Marauder  
  151  10:04  Marauder, Marine  
  151  10:05  Marauder  
  153  10:27  Barracks  
  153  10:28  Barracks x2  
Show
View Real Time Build Order
Export as new Build Order

Ettom Protoss 

Build Orders: 1 Gate Expand 

Get SALT Encoding   

  12  0:01  Probe  
  13  0:13  Probe  
  14  0:18  Pylon  
  14  0:24  Probe  
  15  0:32  Probe  
  15  0:38  Gateway  
  15  0:41  Probe  
  16  0:48  Assimilator  
  17  0:51  Probe  
  18  0:59  Probe  
  19  1:07  Probe  
  20  1:26  Nexus  
  20  1:36  Cybernetics Core  
  20  1:41  Pylon  
  20  1:45  Probe  
  21  1:48  Assimilator  
  21  1:53  Pylon  
  21  1:57  Probe  
  22  2:03  Stalker  
  22  2:09  Probe  
  25  2:16  Warp Gate  
  26  2:22  Probe  
  26  2:28  Shield Battery  
  26  2:33  Stalker  
  26  2:34  Probe x2  
  28  2:42  Probe  
  29  2:46  Shield Battery  
  29  2:47  Probe  
  31  2:52  Probe  
  32  2:59  Probe  
  32  3:02  Robotics Facility  
  33  3:06  Probe  
  34  3:14  Probe  
  34  3:18  Probe  
  36  3:26  Probe  
  37  3:28  Stalker  
  37  3:30  Probe  
  37  3:33  Pylon  
  40  3:39  Probe  
  41  3:42  Probe  
  41  3:44  Observer  
  42  3:49  Robotics Bay  
  42  3:55  Gateway, Probe x2  
  45  3:57  Gateway  
  45  4:02  Warp Prism  
  45  4:09  Pylon  
  47  4:14  Probe x2  
  49  4:24  Assimilator  
  49  4:25  Pylon  
  49  4:26  Probe x2  
  49  4:28  Shield Battery, Assimilator  
  51  4:35  Stalker  
  45  4:39  Disruptor  
  45  4:41  Gravitic Drive  
  44  4:49  Probe  
  44  4:50  Probe  
  48  5:01  Probe  
  48  5:02  Probe  
  50  5:14  Probe x2  
  52  5:16  Pylon  
  52  5:20  Stalker  
  49  5:38  Pylon  
  49  5:40  Probe x2  
  51  5:49  Stalker x2  
  52  5:59  Probe x2  
  54  6:05  Disruptor  
  57  6:17  Probe x2  
  59  6:19  Twilight Council  
  59  6:27  Pylon  
  59  6:29  Probe x2, Forge  
  59  6:32  Stalker  
  63  6:36  Blink  
  63  6:37  Stalker  
  65  6:41  Disruptor  
  68  6:59  Probe  
  69  7:09  Pylon  
  69  7:10  Zealot  
  71  7:16  Protoss Ground Weapons Level 1, Disruptor  
  71  7:18  Probe x2  
  71  7:19  Nexus  
  76  7:29  Pylon  
  76  7:30  Probe x2  
  78  7:43  Probe x2  
  80  7:51  Observer  
  80  7:52  Disruptor  
  80  7:55  Probe x2  
  85  7:59  Pylon  
  85  8:02  Photon Cannon, Pylon  
  85  8:06  Photon Cannon, Robotics Facility  
  85  8:07  Probe x2  
  87  8:19  Probe x2  
  88  8:29  Observer  
  88  8:32  Pylon  
  89  8:37  Stalker x2  
  89  8:38  Stalker  
  95  8:51  Shield Battery  
  95  8:55  Photon Cannon, Probe x2  
  96  8:56  Probe  
  96  8:57  Photon Cannon  
  96  8:59  Disruptor x2  
  96  9:00  Photon Cannon  
  104  9:07  Probe  
  104  9:08  Probe x2  
  96  9:22  Stalker x2  
  96  9:23  Stalker  
  98  9:31  Gateway  
  98  9:32  Gateway  
  98  9:33  Gateway  
  98  9:35  Disruptor  
  98  9:36  Observer  
  98  9:48  Stalker x3  
  98  9:53  Probe x2  
  98  9:54  Probe  
  101  10:05  Probe  
  92  10:18  Stalker x3  
Tags
 
Add a new tag
Caveats
  • Supply blocks, unpowered buildings, or Contaminate may cause inaccurate times.
  • Supply counts are checked every 10 seconds.